 Dungeon Crawl Stone Soup version 0.30-a0-168-g0b976cbdc4 (webtiles) character file.

Game seed: 4750151262153297717

352 IdlyInterested the Slasher (level 6, -2/47 HPs)
             Began as a Demonspawn Gladiator on Sept 29, 2022.
             Slain by a gnoll
             ... wielding a +0 halberd
              (6 damage)
             ... on level 3 of the Dungeon.
             The game lasted 00:08:23 (3668 turns).

IdlyInterested the Slasher (Demonspawn Gladiator)   Turns: 3668, Time: 00:08:23

Health: -2/47      AC: 10    Str: 14    XL:     6   Next: 35%
Magic:  6/6        EV: 26    Int:  9    God:
Gold:   127        SH:  4    Dex: 17    Spells: 3/5 levels left

rFire   . . .      SeeInvis .    r - +0 triple sword (elec)
rCold   . . .      Faith    .    (shield currently unavailable)
rNeg    . . .      Spirit   .    y - +0 ring mail
rPois   .          Reflect  .    f - +0 helmet
rElec   .          Harm     .    (no cloak)
rCorr   .          Rampage  .    s - +0 pair of gloves
Will    .....                    (no boots)
Stlth   +.........               t - amulet of the acrobat
HPRegen 0.15/turn                (no ring)
MPRegen 0.10/turn                (no ring)

@: acrobatic
A: thin metallic scales 2, condensation shield, demonic touch 1
a: no special abilities


You were on level 3 of the Dungeon.
You visited 1 branch of the dungeon, and saw 3 of its levels.

You collected 127 gold pieces.

Inventory:

Hand Weapons
 a - a +0 long sword
 c - a +2 vampiric dagger
 l - a +0 dagger
 r - a +0 triple sword of electrocution (weapon)
 u - a +0 long sword
 z - a +1 dagger of venom
Missiles
 d - 3 throwing nets
 e - a javelin
 h - 4 boomerangs (quivered)
Armour
 b - a +0 leather armour
 f - a +0 helmet (worn)
 k - a +0 chain mail
 s - a +0 pair of gloves (worn)
 y - a +0 ring mail (worn)
Magical Staves
 i - a staff of air
Jewellery
 t - an amulet of the acrobat (around neck)
Wands
 x - a wand of light (2)
Scrolls
 p - a scroll of teleportation
 q - a scroll of immolation
 w - a scroll of identify {unknown}
 A - a scroll of vulnerability {unknown}
Potions
 g - a potion of might {unknown}
 j - a potion of lignification {unknown}
 m - 3 potions of degeneration {unknown}
 n - a potion of attraction {unknown}
 o - 2 potions of heal wounds {unknown}
 v - a potion of curing {unknown}


   Skills:
 - Level 3.0 Fighting
 + Level 5.5 Long Blades
 - Level 3.0 Throwing
 - Level 3.0 Dodging


You had 3 spell levels left.
You knew the following spells:

 Your Spells              Type           Power      Damage    Failure   Level
a - Passwall              Tmut/Erth      0%         N/A       77%         2

Your spell library contained the following spells:

 Spells                   Type           Power      Damage    Failure   Level
 Ensorcelled Hibernation  Hex/Ice        0%         N/A       77%         2
 Ozocubu's Armour         Ice            0%         N/A       94%         3
 Swiftness                Air            0%         N/A       94%         3
 Metabolic Englaciation   Hex/Ice        0%         N/A       100%        5
 Simulacrum               Ice/Necr       0%         N/A       100%        6


Dungeon Overview and Level Annotations

Branches:
Dungeon (3/15)

Altars:
Kikubaaqudgha
Ru


Innate Abilities, Weirdness & Mutations

You are mostly covered in thin metallic scales. (AC +3)
A meltable shield of frost defends you. (SH +4)
Your touch may inflict minor irresistible damage on your foes.


Message History

The hobgoblin shouts!
You hear a shout!
A gnoll comes into view. It is wielding a +0 flail. x2
You hear a shout!
You hear a shout! x2
A gnoll comes into view. It is wielding a +0 halberd.
A goblin comes into view. It is wielding a +0 club.
The goblin shouts!
The goblin moves out of view.
A gnoll comes into view. It is wielding a +0 club.
The gnoll shouts!
The hobgoblin completely misses you.
You closely miss the hobgoblin. The hobgoblin closely misses you.
You slash the hobgoblin!
You kill the hobgoblin!
The gnoll completely misses you.
The gnoll hits you from afar with a +0 halberd!
The gnoll hits you but does no damage.
You slice the gnoll!! Lightning courses through the gnoll!
You kill the gnoll!
The gnoll hits you from afar with a +0 halberd.
You slice the gnoll!!
You kill the gnoll!
The gnoll barely misses you. The gnoll misses you.
The gnoll hits you with a +0 flail!
You closely miss the gnoll. The gnoll barely misses you.
The gnoll hits you from afar with a +0 halberd.
You completely miss the gnoll. The gnoll hits you with a +0 flail.
* * * LOW HITPOINT WARNING * * *
You block the gnoll's attack.
The gnoll hits you from afar with a +0 halberd!
* * * LOW HITPOINT WARNING * * *
You block the gnoll's attack.
You slice the gnoll!!
You kill the gnoll!
The gnoll closely misses you.
You slice the goblin!! Lightning courses through the goblin!!
You kill the goblin!
The gnoll barely misses you. The gnoll hits you but does no damage.
The gnoll hits you with a +0 halberd.
You die...

#...###
##>.##.....
##.##
#.....####
#.# #.#..##
#.## #.##.#
#..# #..#.#
##.# ...#.#
#.# ##.#.##
#.# .#.<#
#@# #..#..#
#..g......#
##.##...
#.........#
.....##
#.........#
....#
#^........#
##..
###########
##. #.. #.#
.#######.#


You could see a gnoll.

Vanquished Creatures
  3 vampire bats (D:3)
  Ijyb (D:3)
  Terence (D:2)
  3 gnolls (D:3)
  4 adders
  5 worms
  3 dart slugs (D:2)
  5 orcs (D:3)
  2 bat skeletons (D:3)
  3 bat zombies (D:3)
  6 endoplasms
  4 giant cockroaches
  14 goblins
  7 hobgoblins
  2 jackals (D:1)
  3 quokkas
  7 ball pythons
  4 bats
  6 frilled lizards
  4 kobolds
  8 rats
95 creatures vanquished.

Notes
Turn   | Place    | Note
-------+----------+-------------------------------------------
     0 | D:1      | IdlyInterested the Demonspawn Gladiator began the quest for
                  | the Orb.
     0 | D:1      | Reached XP level 1. HP: 16/16 MP: 1/1
   306 | D:1      | Reached skill level 3 in Long Blades
   306 | D:1      | Gained mutation: You are partially covered in thin metallic
                  | scales. (AC +2) [demonic ancestry]
   306 | D:1      | Reached XP level 2. HP: 12/23 MP: 2/2
   584 | D:1      | You fall into a shaft and drop 1 floor!
  1431 | D:1      | Gained mutation: You are mostly covered in thin metallic
                  | scales. (AC +3) [demonic ancestry]
  1431 | D:1      | Reached XP level 3. HP: 29/29 MP: 3/3
  1769 | D:2      | Found a sacrificial altar of Ru.
  1877 | D:2      | Found a faded altar of an unknown god.
  1948 | D:2      | Noticed Terence
  1959 | D:2      | Killed Terence
  1960 | D:2      | Gained mutation: Your touch may inflict minor irresistible
                  | damage on your foes. [demonic ancestry]
  1960 | D:2      | Reached XP level 4. HP: 22/35 MP: 4/4
  2733 | D:2      | Learned a level 2 spell: Passwall
  2867 | D:3      | Identified a scroll of acquirement
  2867 | D:3      | Acquired a +0 triple sword of electrocution
  2947 | D:3      | Noticed Ijyb
  2957 | D:3      | Killed Ijyb
  2958 | D:3      | Reached skill level 4 in Long Blades
  2958 | D:3      | Gained mutation: A meltable shield of frost defends you.
                  | (SH +4) [demonic ancestry]
  2958 | D:3      | Reached XP level 5. HP: 21/41 MP: 5/5
  3208 | D:3      | Found an ancient bone altar of Kikubaaqudgha.
  3219 | D:3      | Reached skill level 5 in Long Blades
  3221 | D:3      | Reached XP level 6. HP: 42/47 MP: 6/6
  3668 | D:3      | Slain by a gnoll

Illustrated notes

Levels and vault maps discovered:
D:1:      psy_arrival_spokes, layout_basic, minmay_pentomino_s4
D:2:      minmay_chambers_of_ones, layout_loops_ring, basic_altar,
          hellmonk_ecumenical_altar_blasted, kennysheep_generic_room_6,
          uniq_terence
D:3:      layout_rooms, kennysheep_vampire_church, minmay_checkerbox, uniq_ijyb

Skill      XL: |  1  2  3  4  5 |
---------------+----------------+-----
Long Blades    | 3 4 5 |  5.5
Fighting       | 3 |  3.0
Dodging        | 3 |  3.0
Throwing       | 2 3 |  3.0

Action                   |  1- 3 |  4- 6 || total
-------------------------+-------+-------++-------
Melee: Long sword        |   133 |    42 ||   175
       Triple sword      |       |    88 ||    88
       Touch             |       |     6 ||     6
Throw: Throwing net      |     1 |       ||     1
  Use: Scroll            |     4 |     1 ||     5
 Stab: Sleeping          |     1 |     2 ||     3
       Held in net/web   |     1 |       ||     1
       Distracted        |       |     1 ||     1
Armor: Leather armour    |    18 |    19 ||    37
       Chain mail        |    61 |       ||    61
       Ring mail         |       |    42 ||    42
Dodge: Dodged            |    53 |   115 ||   168
Block: Other             |       |    22 ||    22

Table legend: (Time is in decaauts)
 A = Elapsed time spent in this place.
 B = Non-inter-level travel time spent in this place.
 C = Inter-level travel time spent in this place.
 D = Time resting spent in this place.
 E = Time spent auto-exploring this place.
 F = Levels seen in this place.
 G = Mean time per level.
                   A        B        C        D        E       F      G
               +--------+--------+--------+--------+--------+-----+--------+
         Total |   3759 |   3401 |    358 |    424 |   2112 |   3 | 1253.0 |
       Dungeon |   3759 |   3401 |    358 |    424 |   2112 |   3 | 1253.0 |
               +--------+--------+--------+--------+--------+-----+--------+

Top non-repeatable levels by time:
     D:1: 1596 daAuts
     D:2: 1301 daAuts
     D:3: 861 daAuts
